 Dungeon Crawl Stone Soup version 0.25-a0-190-g27fffb8c76 (console) character file.

Game seed: 17714307021323251649, levelgen mode: deterministic

92 Kagalorn the Chiller (level 4, 0/33 HPs)
             Began as a Draconian Ice Elementalist on Nov 30, 2019.
             Slain by a gnoll (7 damage)
             ... on level 2 of the Dungeon.
             The game lasted 00:03:23 (1339 turns).

Kagalorn the Chiller (Draconian Ice Elementalist)   Turns: 1339, Time: 00:03:23

Health: 0/33       AC:  6    Str: 11    XL:     4   Next: 35%
Magic:  1/8        EV: 12    Int: 16    God:
Gold:   125        SH:  0    Dex: 11    Spells: 8/9 levels left

rFire    . . .     SeeInvis .   k - +1 short sword (venom)
rCold    . . .     Gourm    .   (no shield)
rNeg     . . .     Faith    .   (armour unavailable)
rPois    .         Spirit   .   (helmet restricted)
rElec    .         Reflect  .   (no cloak)
rCorr    .         Harm     .   d - +0 pair of gloves
MR       .....                  (no boots)
Stlth    ++........             (no amulet)
HPRegen  0.11/turn              (no ring)
MPRegen  0.11/turn              (no ring)

@: no status effects
A: unfitting armour, cold-blooded, AC +5
a: no special abilities


You were on level 2 of the Dungeon.
You were not hungry.

You visited 1 branch of the dungeon, and saw 2 of its levels.

You collected 125 gold pieces.

Inventory:

Hand Weapons
 k - a +1 short sword of venom (weapon)
Missiles
 c - 35 sling bullets
 i - 25 stones (quivered)
Armour
 d - a +0 pair of gloves (worn)
 f - a +0 shield
Jewellery
 h - an uncursed amulet of harm {unknown}
Scrolls
 e - a scroll of random uselessness {unknown}
 g - 2 scrolls of teleportation {unknown}
 j - a scroll of magic mapping {unknown}
 l - a scroll of noise {unknown}
 m - a scroll of fog {unknown}
Potions
 a - a potion of heal wounds {unknown}
Comestibles
 b - 3 rations


   Skills:
 - Level 1.7 Dodging
 - Level 1.7 Stealth
 * Level 3.1 Spellcasting
   Level 1.0 Conjurations
 * Level 4.4 Ice Magic


You had 8 spell levels left.
You knew the following spells:

 Your Spells              Type           Power        Failure   Level  Hunger
a - Freeze                Ice            ###.         3%          1    None

Your spell library contained the following spells:

 Spells                   Type           Power        Failure   Level  Hunger
 Throw Frost              Conj/Ice       ##....       9%          2    ##.....
 Ozocubu's Armour         Chrm/Ice       #.......     22%         3    ###....
 Throw Icicle             Conj/Ice       ##......     52%         4    ####...
 Summon Ice Beast         Ice/Summ       #.......     58%         4    ####...


Dungeon Overview and Level Annotations

Branches:
Dungeon (2/15)

Altars:


Innate Abilities, Weirdness & Mutations

Your plain brown scales are hard. (AC +5)
You cannot fit into any form of body armour.
You are cold-blooded and may be slowed by cold attacks.


Message History

The giant cockroach closely misses you.
You hit the giant cockroach.
The giant cockroach is poisoned.
The giant cockroach is moderately wounded.
The giant cockroach completely misses you.
The gnoll barely misses you.
You barely miss the giant cockroach.
The giant cockroach is almost dead.
You kill the giant cockroach!
The gnoll hits you with a +2 antimagic halberd!
* * * LOW HITPOINT WARNING * * *
You feel your power leaking away. The gnoll closely misses you.
You see here a flail.
You see here the felid corpse of Natasha.
Press: ? - help, v - describe, . - travel
Here: a gnoll The floor.
There is a stone staircase leading up here.
The gnoll hits you!
You die...

..)....####..# #. ...... #####..
............## .........##.....?
.$#.##..#####.. #........#..[....
#.#....##.....###................
#.........####.......####........
#.####.........##...# #........
..####..#.........#######........
.........).........g...).........
.#......##.[....@g########.......
...##..<##.............#........#
........##........#.........#####
##....#..#...................#
...#####.#########...........#
... .# #....)......# .# ..
##.........## .. ##...#...## s..
#########


You could see 2 gnolls.

Vanquished Creatures
  Natasha (D:2)
  3 adders
  An ooze (D:1)
  A dart slug (D:1)
  A leopard gecko (D:1)
  3 giant cockroaches
  4 goblins
  4 hobgoblins
  2 jackals (D:1)
  3 kobolds
  5 bats
  4 rats
32 creatures vanquished.

Notes
Turn   | Place    | Note
-------+----------+-------------------------------------------
     0 | D:1      | Kagalorn the Draconian Ice Elementalist began the quest for
                  | the Orb.
     0 | D:1      | Reached XP level 1. HP: 14/14 MP: 3/3
   330 | D:1      | Reached XP level 2. HP: 16/20 MP: 5/5
  1056 | D:2      | Reached XP level 3. HP: 25/26 MP: 2/6
  1106 | D:1      | Reached skill level 4 in Ice Magic
  1238 | D:2      | Noticed Natasha
  1258 | D:2      | Killed Natasha
  1258 | D:2      | Reached XP level 4. HP: 12/33 MP: 3/8
  1339 | D:2      | Slain by a gnoll

Levels and vault maps discovered:
D:1:      giann_wishing_wells, layout_loops_corners, minmay_misc_feat_tower,
          nrook_loot_triangle, minmay_misc_feat_cross
D:2:      layout_rooms, uniq_natasha

Skill      XL: |  1  2  3 |
---------------+----------+-----
Ice Magic      | 4 |  4.4
Spellcasting   | 3 |  3.1
Dodging        | |  1.7
Stealth        | |  1.7
Conjurations   | |  1.0

Action                   |  1- 3 |  4- 6 || total
-------------------------+-------+-------++-------
Melee: Unarmed           |   108 |       ||   108
       Tailslap          |    15 |     1 ||    16
       Short sword       |    20 |     9 ||    29
 Cast: Freeze            |    32 |     1 ||    33
 Stab: Sleeping          |     3 |       ||     3
  Eat: Chunk             |     2 |       ||     2
Armor: Skin              |    74 |     2 ||    76
Dodge: Dodged            |   107 |    10 ||   117

Table legend:
 A = Non-vault XP
 B = Vault XP
 C = Vault XP percentage of total XP
 D = Non-vault monster count
 E = Vault monster count
 F = Vault count percentage of total count
                 A         B        C        D         E       F
            +---------+---------+-------+---------+---------+-------
      Total |      97 |      35 |  26.5 |      31 |       1 |   3.1
            +---------+---------+-------+---------+---------+-------
        D:1 |      55 |       0 |   0.0 |      20 |       0 |   0.0
        D:2 |      42 |      35 |  45.5 |      11 |       1 |   8.3
            +---------+---------+-------+---------+---------+-------
